 Dungeon Crawl Stone Soup version 0.30.0-20-g3615ddf2f0 (webtiles) character file.

Game seed: 6032518012083812405

78 qw the Chopper (level 4, -10/28 HPs)
             Began as a Gargoyle Fighter on May 27, 2023.
             Mangled by an ogre
             ... wielding a +0 giant spiked club
              (16 damage)
             ... on level 4 of the Dungeon.
             The game lasted 00:01:10 (2536 turns).

qw the Chopper (Gargoyle Fighter)                   Turns: 2536, Time: 00:01:11

Health: -10/28     AC: 19    Str: 21    XL:     4   Next: 36%
Magic:  4/4        EV:  5    Int:  9    God:
Gold:   143        SH:  4    Dex:  9    Spells: 3/3 levels left

rFire   . . .        Y - +0 war axe
rCold   . . .        c - +0 buckler
rNeg    + . .        h - +0 plate armour
rPois   inf          (no helmet)
rElec   +            (no cloak)
rCorr   .            (no gloves)
SInv    .            (no boots)
Will    .....        (no amulet) Stlth
                     i - +4 ring of protection
HPRegen 0.24/turn    (no ring)
MPRegen 0.09/turn

%: no passive effects
@: about to teleport
A: sickness immunity, AC +3, negative energy resistance 1, electricity
resistance, torment resistance 1, petrification resistance
a: no special abilities


You were on level 4 of the Dungeon.
You visited 1 branch of the dungeon, and saw 4 of its levels.

You collected 208 gold pieces.
You spent 65 gold pieces at shops.


Innate Abilities, Weirdness & Mutations

You are immune to sickness and miasma.
Your stone body is resilient. (AC +3)
You are immune to poison.
You resist negative energy. (rN+)
You are resistant to electric shocks. (rElec)
You are resistant to unholy torment.
You are immune to petrification.


   Skills:
 - Level 3.2 Fighting
 - Level 4.0 Axes
 + Level 0.3 Throwing
 - Level 3.2 Armour
 - Level 3.2 Shields


You had 3 spell levels left.
You didn't know any spells.
Your spell library was empty.

Inventory:

Hand Weapons
 f - a +0 whip
 Y - a +0 war axe (weapon)
Missiles
 l - 4 javelins (quivered)
Armour
 c - a +0 buckler (worn)
 h - a +0 plate armour (worn)
Jewellery
 i - a +4 ring of protection (left hand)
Scrolls
 a - a scroll of identify
 g - a scroll of teleportation
 j - a scroll of vulnerability {unknown}
Potions
 b - a potion of mutation
 d - a potion of might
 e - a potion of heal wounds {unknown}
 k - 2 potions of curing {unknown}

Dungeon Overview and Level Annotations

Branches:
Dungeon (4/15)
 Temple: D:4-7

Altars:

Shops:
D:2 [((*!


Message History

l - 6 javelins An ufetubus comes into view.
Found a scroll labelled JONNEH KUDA.
The ufetubus shouts!
An ogre comes into view. It is wielding a +0 giant spiked club.
The ufetubus moves out of view.
Enter note:
Enter note:
2526 ||| Stepping ~*~*~tactically~*~*~ (stealth).
You closely miss the ufetubus.
The ogre shouts!
The ufetubus barely misses you. x2
You slash the ufetubus!
You kill the ufetubus!
You throw a javelin. The javelin barely misses the ogre.
An endoplasm comes into view.
You throw a javelin. The javelin pierces through the ogre.
The ogre is lightly wounded.
The javelin pierces through the endoplasm.
The endoplasm is heavily wounded.
You closely miss the ogre.
The ogre is lightly wounded.
The ogre hits you with a +0 giant spiked club!
You barely miss the ogre.
The ogre is lightly wounded.
The ogre hits you with a +0 giant spiked club.
You barely miss the ogre.
The ogre is lightly wounded.
The ogre hits you but does no damage.
You slash the ogre!
The ogre is heavily wounded.
The ogre hits you with a +0 giant spiked club!
The endoplasm hits you but does no damage.
2536 ||| READING 2 scrolls of teleportation.
As you read the scroll of teleportation, it crumbles to dust.
You feel strangely unstable. You block the endoplasm's attack.
The ogre hits you with a +0 giant spiked club!
Ouch! That really hurt!
You die...

..## ...# ...#
...# ...# ...#
..## ..####
####### .....#
#..@J.# ...#.#
####.##O.#
...#.######....#
.#...
...#.##.....####
.? ....
...#..(....##
... ...
............#
.... ..
..#..##.....#
..... .
.<....#...#.#
....(.
...##.###.#.#


You could see an ogre and an endoplasm.

Vanquished Creatures
  An ufetubus (D:4)
  3 worms
  A dart slug (D:3)
  4 endoplasms
  3 giant cockroaches
  5 goblins
  2 hobgoblins
  3 jackals (D:2)
  6 kobolds
  2 quokkas (D:1)
  10 ball pythons
  4 bats
  5 frilled lizards
  16 rats
65 creatures vanquished.

Notes
Turn   | Place    | Note
-------+----------+-------------------------------------------
     0 | D:1      | qw the Gargoyle Fighter began the quest for the Orb.
     0 | D:1      | Reached XP level 1. HP: 14/14 MP: 1/1
     0 | D:1      | 0 ||| qw: Version: 0.2-a-99-gce666ed
     0 | D:1      | 0 ||| qw: Game counter: 143
     0 | D:1      | 0 ||| qw: Always use a shield: true
     0 | D:1      | 0 ||| qw: God list: Okawaru
     0 | D:1      | 0 ||| qw: Allow faded altars: false
     0 | D:1      | 0 ||| qw: Do Orc after D:15 true
     0 | D:1      | 0 ||| qw: Do second Lair branch before Depths: true
     0 | D:1      | 0 ||| qw: Lair rune preference: random
     0 | D:1      | 0 ||| qw: Plans: Normal, Zot:1-4, God:TSO, Crypt, Tomb,
                  | Pan, Slime:5, Hells, Abyss, Win
     0 | D:1      | 0 ||| PLANNING D:1-11
    36 | D:1      | Reached skill level 2 in Axes
   103 | D:1      | Reached XP level 2. HP: 19/19 MP: 2/2
   130 | D:1      | 130 ||| Stepping ~*~*~tactically~*~*~ (hiding).
   484 | D:1      | 484 ||| Stepping ~*~*~tactically~*~*~ (stealth).
   503 | D:1      | Reached skill level 3 in Axes
   672 | D:1      | Reached XP level 3. HP: 22/23 MP: 3/3
   731 | D:1      | 731 ||| DROPPING amulet of faith.
   732 | D:1      | 732 ||| READING scroll labelled VERINI ANKICE.
   779 | D:2      | 779 ||| Stepping ~*~*~tactically~*~*~ (stealth).
   785 | D:2      | 785 ||| Stepping ~*~*~tactically~*~*~ (stealth).
   881 | D:2      | Found Tinam's Armour Shop.
   938 | D:2      | Found Unoun's Weapon Shoppe.
   939 | D:2      | 939 ||| SHOPLISTING +0 chain mail (54 gold, have 47).
   939 | D:2      | 939 ||| SHOPLISTING +0 pair of boots (54 gold, have 47).
   939 | D:2      | 939 ||| SHOPLISTING +2 chain mail of poison resistance (222
                  | gold, have 47).
   939 | D:2      | 939 ||| SHOPLISTING +4 plate armour of willpower (600 gold,
                  | have 47).
   950 | D:2      | 950 ||| SHOPLISTING +0 flail of draining (99 gold, have
                  | 47).
  1089 | D:2      | Found Leomuc's General Store.
  1093 | D:2      | Found Ineits's Distillery.
  1097 | D:2      | 1097 ||| SHOPLISTING +1 cloak of stealth (214 gold, have
                  | 79).
  1097 | D:2      | 1097 ||| SHOPLISTING potion of resistance (130 gold, have
                  | 79).
  1097 | D:2      | 1097 ||| BUYING scroll of identify (26 gold).
  1097 | D:2      | Bought a scroll of identify for 26 gold pieces
  1097 | D:2      | 1097 ||| BUYING scroll of teleportation (39 gold).
  1097 | D:2      | Bought a scroll of teleportation for 39 gold pieces
  1119 | D:2      | 1119 ||| SHOPLISTING potion of curing (33 gold, have 23).
  1119 | D:2      | 1119 ||| SHOPLISTING potion of heal wounds (55 gold, have
                  | 23).
  1119 | D:2      | 1119 ||| SHOPLISTING potion of resistance (110 gold, have
                  | 23).
  1607 | D:2      | Found Irgha's Weapon Emporium.
  1729 | D:2      | 1729 ||| UPGRADING to +0 plate armour.
  1739 | D:2      | 1739 ||| DROPPING +0 scale mail.
  1767 | D:3      | 1767 ||| STAIRDANCE
  1789 | D:3      | Reached XP level 4. HP: 28/28 MP: 4/4
  2092 | D:3      | 2092 ||| Stepping ~*~*~tactically~*~*~ (stealth).
  2110 | D:3      | Reached skill level 4 in Axes
  2438 | D:3      | 2438 ||| UPGRADING to +4 ring of protection.
  2439 | D:3      | 2439 ||| READING scroll labelled POUHIM WAUFIEC.
  2440 | D:3      | 2440 ||| READING scroll labelled ICOFOBRICA.
  2441 | D:3      | 2441 ||| READING scroll labelled ZAGAXK IZASAW.
  2442 | D:3      | 2442 ||| READING 2 scrolls of identify.
  2442 | D:3      | 2442 ||| IDENTIFYING bubbling dark potion
  2462 | D:4      | 2462 ||| PLANNING SEWER
  2525 | D:4      | Noticed an ogre
  2526 | D:4      | 2526 ||| Stepping ~*~*~tactically~*~*~ (stealth).
  2535 | D:4      | HP: 5/28 [ogre/+0 giant spiked club (12)]
  2536 | D:4      | 2536 ||| READING 2 scrolls of teleportation.
  2536 | D:4      | Mangled by an ogre

Levels and vault maps discovered:
D:1:      tarquinn_simple_flora_water_a, layout_basic, minmay_rat_gold_closets
D:2:      minmay_skewed_foursquare, layout_basic, serial_shops,
          nicolae_shop_statue_plus, shop, shop, nicolae_shop_behind_doors,
          nicolae_shop_advertising_works [nicolae_subvault_shop_adworks],
          serial_corexii_hall, corexii_hall_statues_t, corexii_hall_statues_i
D:3:      layout_basic
D:4:      layout_rooms, cheibrodos_sewer_entry_bend, serial_shops, shop,
          uniq_natasha

Skill      XL: |  1  2  3  4 |
---------------+-------------+-----
Axes           | 2 3 4 |  4.0
Fighting       | |  3.2
Throwing       | |  0.3
Armour         | |  3.2
Shields        | |  3.2

Action                     |  1- 3 |  4- 6 || total
---------------------------+-------+-------++-------
  Melee: War axe           |   137 |    27 ||   164
  Throw: Javelin           |       |     2 ||     2
    Use: Scroll            |     1 |     5 ||     6
 Armour: Scale mail        |    72 |       ||    72
         Plate armour      |     2 |    14 ||    16
  Dodge: Dodged            |    44 |     6 ||    50
  Block: Buckler           |    26 |     2 ||    28

Table legend:
 A = Non-vault XP
 B = Vault XP
 C = Vault XP percentage of total XP
 D = Non-vault monster count
 E = Vault monster count
 F = Vault count percentage of total count
                 A         B        C        D         E       F
            +---------+---------+-------+---------+---------+-------
      Total |     100 |      12 |  10.7 |      53 |      12 |  18.5
            +---------+---------+-------+---------+---------+-------
        D:1 |      25 |       9 |  26.5 |      17 |       9 |  34.6
        D:2 |      43 |       3 |   6.5 |      23 |       3 |  11.5
        D:3 |      24 |       0 |   0.0 |      12 |       0 |   0.0
        D:4 |       8 |       0 |   0.0 |       1 |       0 |   0.0
            +---------+---------+-------+---------+---------+-------
